 Dungeon Crawl Stone Soup version 0.27-a0-597-g524d869a0f (webtiles) character file.

Game seed: 14745794059157874645

12124 spiderkeys the Dealer of Despair (level 11, -2/97 HPs)
             Began as a Deep Dwarf Necromancer on Mar 12, 2021.
             Was an Elder of Kikubaaqudgha.
             Slain by an orc warrior
             ... wielding a +0 short sword
              (12 damage)
             ... on level 1 of the Orcish Mines.
             The game lasted 01:05:09 (16253 turns).

spiderkeys the Dealer of Despair (DDNe)            Turns: 16253, Time: 01:05:09

Health: -2/97      AC: 26    Str: 13    XL:     11   Next: 58%
Magic:  4/22 (13)  EV: 10    Int: 20    God:    Kikubaaqudgha [****..]
Gold:   546        SH:  5    Dex: 13    Spells: 0/13 levels left

rFire    . . .     SeeInvis .   F - staff of death
rCold    . . .     Faith    .   D - +0 buckler
rNeg     + . .     Spirit   .   I - +10 plate armour of Winter {Str+2}
rPois    .         Reflect  .   q - +1 helmet
rElec    .         Harm     .   (no cloak)
rCorr    .         Rampage  .   (no gloves)
Will     +....                  (no boots)
Stlth    ..........             (no amulet)
HPRegen  0.00/turn              k - +4 ring of evasion
MPRegen  0.18/turn              w - ring of magical power

@: non-regenerating
A: damage resistance, heal wounds, sense surroundings 2, no regeneration
a: Heal Wounds, Renounce Religion, Receive Corpses


You were on level 1 of the Orcish Mines.
You worshipped Kikubaaqudgha.
Kikubaaqudgha was greatly pleased with you.
You visited 3 branches of the dungeon, and saw 13 of its levels.

You collected 653 gold pieces.
You spent 107 gold pieces at shops.

Inventory:

Hand Weapons
 t - the +6 hunting sling of Entrepreneurial Spirit {speed, rPois rF+}
   (You found it on level 4 of the Dungeon)

   Attacks with this weapon are significantly faster.
   It protects you from fire.
   It protects you from poison.
Missiles
 u - 290 stones
 v - 12 sling bullets
Armour
 f - a +2 ring mail of positive energy
 q - a +1 helmet (worn)
 D - a +0 buckler (worn)
 I - the +10 plate armour of Winter (worn) {Str+2}
   (You found it on level 10 of the Dungeon)

   It affects your strength (+2).
Magical Staves
 F - a staff of death (weapon)
Jewellery
 k - a +4 ring of evasion (right hand)
 w - a ring of magical power (left hand)
 x - a ring of protection from cold
Wands
 p - a wand of random effects (39)
 y - a wand of digging (6)
 C - a wand of polymorph (7)
 E - a wand of charming (7)
 H - a wand of iceblast (7)
 M - a wand of mindburst (4)
Scrolls
 b - 6 scrolls of amnesia
 e - 2 scrolls of fog
 h - 4 scrolls of immolation
 l - 8 scrolls of teleportation
 m - 4 scrolls of enchant weapon
 n - 2 scrolls of enchant armour
 J - a scroll of blinking
 L - a scroll of magic mapping
Potions
 a - 3 potions of attraction
 c - 2 potions of invisibility
 d - 4 potions of heal wounds
 g - a potion of resistance {unknown}
 i - a potion of lignification
 j - 3 potions of curing
 o - 2 potions of mutation
 r - 2 potions of degeneration {unknown}
 s - 2 potions of brilliance {unknown}
 z - 3 potions of flight {unknown}
 A - a potion of cancellation {unknown}
 B - 3 potions of haste
Miscellaneous
 K - a lightning rod (1/4)


   Skills:
 - Level 5.7 Fighting
 - Level 1.3 Axes
 + Level 8.2 Slings
 + Level 8.4 Armour
 + Level 6.5 Dodging
 - Level 2.4 Stealth
 - Level 4.0 Shields
 - Level 1.7 Spellcasting
 * Level 12.5 Necromancy
 + Level 5.4 Evocations


You couldn't memorise any spells.
You knew the following spells:

 Your Spells              Type           Power      Damage    Failure   Level
a - Pain                  Necr           100%       1d9       7%          1
b - Animate Skeleton      Necr           100%       N/A       7%          1
c - Vampiric Draining     Necr           33%        2d10      21%         3
d - Animate Dead          Necr           33%        N/A       54%         4
e - Dispel Undead         Necr           67%        3d23      54%         4

Your spell library contained the following spells:

 Spells                   Type           Power      Damage    Failure   Level
 Sublimation of Blood     Necr           33%        N/A       10%         2
 Corpse Rot               Necr/Air       N/A        N/A       80%         2
 Agony                    Necr           67%        N/A       88%         5
 Beastly Appendage        Tmut           2%         N/A       100%        1
 Wereblood                Tmut           1%         N/A       100%        2
 Confusing Touch          Hex            1%         N/A       100%        3
 Gell's Gravitas          Tloc           0%         N/A       100%        3
 Spider Form              Tmut/Pois      0%         N/A       100%        3
 Ice Form                 Ice/Tmut       1%         N/A       100%        4
 Petrify                  Tmut/Erth      1%         N/A       100%        4
 Blade Hands              Tmut           0%         N/A       100%        5
 Borgnjor's Vile Clutch   Necr/Erth      20%        N/A       100%        5
 Metabolic Englaciation   Hex/Ice        0%         N/A       100%        5
 Yara's Violent Unravell  Hex/Tmut       0%         3d3       100%        5
 Death Channel            Necr           33%        N/A       100%        6


Dungeon Overview and Level Annotations

Branches:
Dungeon (11/15)            Temple (1/1) D:6            Lair (0/6) D:8
    Orc (1/2) D:10

Altars:
Ashenzari
Cheibriados
Dithmenos
Elyvilon
Fedhas
Gozag
Hepliaklqana
Kikubaaqudgha
Makhleb
Nemelex Xobeh
Okawaru
Qazlal
Ru
Sif Muna
Trog
Uskayaw
Vehumet
Wu Jian
Xom
Yredelemnul
Zin
The Shining One

Shops:
D:6 *:*=   D:8 [


Innate Abilities, Weirdness & Mutations

You are resistant to damage.
You can heal yourself by infusing magical energy.
You passively map the area around you.
You do not regenerate.


Message History

You block the orc warrior's attack.
Things that are here:
a +0 glaive; a +3 plate armour; an orc corpse You closely miss the orc warrior.
The orc warrior hits you with a +0 short sword.
Your plate armour of Winter prevents you from hitting the orc warrior.
The orc warrior hits you but does no damage.
You completely miss the orc warrior.
The orc warrior hits you but does no damage.
An orc knight comes into view. It is wielding a +1 war axe.
The orc knight shouts!
You hit the orc warrior.
The orc warrior writhes in agony.
The orc warrior is lightly wounded.
The orc warrior hits you but does no damage.
The orc knight roars a battlecry!
The orc warrior goes into a battle-frenzy!
An orc priest comes into view.
The orc warrior barely misses you.
The orc priest shouts!
You hear a shout!
You hit the orc warrior but do no damage.
The orc warrior is lightly wounded.
The orc knight unwields a +1 war axe.
The orc knight wields a +0 arbalest.
The orc knight shoots a bolt.
The bolt barely misses you.
The orc priest calls down the wrath of Beogh upon you.
Beogh smites you!
* * * LOW HITPOINT WARNING * * *
The orc warrior closely misses you.
You hear a shout!
The orc knight shoots a bolt.
You block the bolt.
The orc warrior hits you but does no damage.
Things that are here:
a +0 dagger; a +0 robe The orc warrior hits you with a +0 short sword!
* * * LOW HITPOINT WARNING * * *
There is a staircase back to the Dungeon here.
Things that are here:
a +0 dagger; an orc corpse The orc warrior hits you with a +0 short sword!
You die...
Kikubaaqudgha rasps: "You have failed me!
Welcome... death!"

*, , * , * , ,, ,
.... ** * * .......
* ....... ,**
**#...... * , ,
,..o.... ,,
,.....#.##### * **
, ,......#)#..# * *
, ......o).@.## ,
** , , ,
........o...#.#..,
, * ,
,...#.$$.).)......
, , ,,
.......).)....##.
,, ,,
...............# ,
,, , ,
,.................,
, .................
, , , ,
......>....#.....
,, , *
..........#.....$


You could see an orc warrior (strong) and an orc priest (strong).

Vanquished Creatures
  Erolcha (D:9)
  A hydra (D:11)
  Erica (D:11)
  A two-headed ogre (D:10)
  A centaur zombie (D:10)
  A troll (D:11)
  Prince Ribbit (D:6)
  4 wyverns
  6 yaks
  Eustachio (D:5)
  Grum (D:8)
  A basilisk (D:8)
  A wraith (D:10)
  2 wargs (D:10)
  Edmund (D:5)
  3 water moccasins (D:8)
  A sky beast (D:8)
  2 black bears
  5 ice beasts
  8 orc warriors
  8 ogres
  6 wolves (D:8)
  5 centaurs
  A phantom (D:9)
  A kobold brigand (D:7)
  A bullfrog (D:5)
  A wyvern skeleton (D:11)
  2 scorpions (D:5)
  4 killer bees (D:8)
  A water moccasin skeleton (D:10)
  7 wights
  A howler monkey (D:5)
  2 jellies
  2 bullfrog skeletons
  A gnoll shaman (D:6)
  6 orc priests
  8 hounds
  2 centaur skeletons
  3 iguanas
  12 orc wizards
  15 worker ants
  A hound zombie (D:7)
  2 hound skeletons
  5 adders
  15 gnolls
  5 shadow imps
  3 white imps
  2 ufetubi
  An ooze (D:3)
  An adder zombie (D:8)
  2 worms (D:6)
  4 dart slugs
  3 leopard geckos
  48 orcs
  7 bats
  3 giant cockroaches (D:1)
  8 goblins
  12 hobgoblins
  10 jackals
  8 quokkas
  2 ball pythons (D:6)
  3 frilled lizards
  A jackal zombie (D:5)
  13 kobolds
  2 leopard gecko skeletons
  2 quokka skeletons (D:8)
  12 rats
307 creatures vanquished.

Vanquished Creatures (collateral kills)
  A warg (D:10)
  2 ice beasts (D:7)
  A phantom (D:8)
  A kobold brigand (D:7)
  An orc priest (D:9)
  An orc (D:9)
  A goblin (D:2)
  A hobgoblin (D:2)
  A frilled lizard (D:3)
10 creatures vanquished.

Vanquished Creatures (others)
  A kobold (D:7)
  4 fungi (D:8)
  26 plants (D:8)
31 creatures vanquished.

Grand Total: 348 creatures vanquished

Notes
Turn   | Place    | Note
-------+----------+-------------------------------------------
     0 | D:1      | spiderkeys the Deep Dwarf Necromancer began the quest for
                  | the Orb.
     0 | D:1      | Reached XP level 1. HP: 15/15 MP: 3/3
    53 | D:1      | Learned a level 1 spell: Animate Skeleton
   285 | D:1      | Reached XP level 2. HP: 19/24 MP: 2/4
  1323 | D:2      | Reached skill level 1 in Armour
  1417 | D:2      | Reached XP level 3. HP: 22/30 MP: 0/5
  1421 | D:2      | Learned a level 3 spell: Vampiric Draining
  1652 | D:2      | Found a broken altar of Ashenzari.
  1941 | D:2      | Reached skill level 1 in Fighting
  1941 | D:2      | Reached skill level 5 in Necromancy
  2617 | D:3      | Reached XP level 4. HP: 34/38 MP: 0/6
  3120 | D:3      | Reached skill level 1 in Axes
  3365 | D:4      | Reached XP level 5. HP: 42/44 MP: 1/7
  3434 | D:4      | Identified the +6 hunting sling of Entrepreneurial Spirit
                  | {speed, rPois rF+}
  4322 | D:5      | Entered Level 5 of the Dungeon
  4327 | D:5      | Reached skill level 1 in Slings
  4343 | D:5      | Reached skill level 6 in Necromancy
  4371 | D:5      | Reached XP level 6. HP: 43/52 MP: 2/8
  4564 | D:5      | Found a sparkling altar of Nemelex Xobeh.
  4579 | D:5      | You fall into a shaft and drop 2 floors!
  4600 | D:7      | Noticed an ice beast
  4648 | D:7      | Reached XP level 7. HP: 28/61 MP: 4/9
  4726 | D:6      | Found Vodicenu's General Store.
  4736 | D:6      | Bought a potion of curing for 30 gold pieces
  4857 | D:5      | Noticed Eustachio
  4864 | D:5      | Killed Eustachio
  5256 | D:5      | Reached skill level 7 in Necromancy
  5297 | D:5      | Noticed Edmund
  5306 | D:5      | Killed Edmund
  5812 | D:5      | Reached XP level 8. HP: 65/69 MP: 10/10
  6162 | D:5      | Learned a level 4 spell: Animate Dead
  6219 | D:6      | Found Acivymm's Book Emporium.
  6316 | D:6      | Found Atib's General Store.
  6326 | D:6      | Bought a scroll of identify for 28 gold pieces
  6326 | D:6      | Bought a scroll of amnesia for 49 gold pieces
  6351 | D:6      | Found a staircase to the Ecumenical Temple.
  6435 | Temple   | Entered the Ecumenical Temple
  6599 | Temple   | Became a worshipper of Kikubaaqudgha
  6756 | D:6      | Noticed Prince Ribbit
  6765 | D:6      | Killed Prince Ribbit
  6766 | D:6      | Reached skill level 1 in Shields
  6766 | D:6      | Reached skill level 8 in Necromancy
  6851 | D:6      | Found Yvitofach's Jewellery Shoppe.
  8047 | D:7      | Reached skill level 5 in Armour
  8092 | D:7      | Gained mutation: You passively map the area around you.
                  | [Deep Dwarf growth]
  8092 | D:7      | Reached XP level 9. HP: 60/78 MP: 2/11
  8397 | D:7      | Reached skill level 9 in Necromancy
  8797 | D:7      | Reached * piety under Kikubaaqudgha
  8797 | D:7      | Identified Kikubaaqudgha's Tome of Black Rituals
                  | (Kikubaaqudgha gifted it to you on level 7 of the Dungeon)
  8797 | D:7      | Received a gift from Kikubaaqudgha
  8876 | D:7      | Reached skill level 5 in Slings
  9264 | D:8      | Found Usapemp's Armour Emporium.
  9471 | D:8      | Noticed Grum
  9522 | D:8      | Killed Grum
  9541 | D:8      | Reached skill level 5 in Fighting
  9541 | D:8      | Reached skill level 10 in Necromancy
  9972 | D:8      | Found a staircase to the Lair.
  9979 | D:8      | Reached ** piety under Kikubaaqudgha
  9980 | D:8      | Reached XP level 10. HP: 66/88 MP: 12/12
 11102 | D:8      | Found an ornate altar of the Wu Jian Council.
 11304 | D:9      | Noticed Erolcha
 11363 | D:9      | Killed Erolcha
 11364 | D:9      | Reached skill level 11 in Necromancy
 11364 | D:9      | Reached skill level 1 in Evocations
 11485 | D:9      | Reached skill level 5 in Dodging
 12213 | D:9      | Reached *** piety under Kikubaaqudgha
 12213 | D:9      | Identified Kikubaaqudgha's Guide on Necromancy
                  | (Kikubaaqudgha gifted it to you on level 9 of the Dungeon)
 12213 | D:9      | Received a gift from Kikubaaqudgha
 12424 | D:9      | Found a shimmering altar of Xom.
 12425 | D:9      | Found an iron altar of Okawaru.
 12855 | D:10     | Entered Level 10 of the Dungeon
 12973 | D:10     | Noticed a two-headed ogre
 12993 | D:10     | Killed a two-headed ogre
 12994 | D:10     | Reached XP level 11. HP: 95/97 MP: 2/13
 13110 | D:10     | Learned a level 4 spell: Dispel Undead
 13152 | D:10     | Identified the +10 plate armour of Winter {Str+2}
 13635 | D:10     | Found a staircase to the Orcish Mines.
 14278 | D:10     | Reached skill level 12 in Necromancy
 14718 | D:11     | Noticed Erica
 14730 | D:11     | Killed Erica
 14942 | D:11     | Noticed a six-headed hydra
 14959 | D:11     | Killed a six-headed hydra
 14960 | D:11     | Reached skill level 5 in Evocations
 15814 | D:11     | Reached **** piety under Kikubaaqudgha
 16169 | Orc:1    | Entered Level 1 of the Orcish Mines
 16247 | Orc:1    | Noticed an orc knight
 16253 | Orc:1    | Slain by an orc warrior

Illustrated notes

Levels and vault maps discovered:
D:1:      matt_arrival_refuge, layout_basic, serial_bayou_pond_e
D:2:      layout_loops_ring, evilmike_ruin_ashenzari
D:3:      layout_loops_cross
D:4:      layout_layer_cave
D:5:      minmay_bubble_buster, layout_loops_cross, old_standard_altar,
          uniq_edmund, uniq_eustachio
D:6:      layout_rooms, minmay_temple_entry_statues_pillars, serial_shops,
          nicolae_shop_window_shopping, shop, nicolae_shop_waterfront, shop,
          portal_sewer_entry_b, minmay_misc_feat_tower,
          minmay_misc_feat_encased, uniq_prince_ribbit1
D:7:      layout_basic
D:8:      layout_basic, marbit_many_paths, minmay_lair_entry_grove,
          serial_shops, kennysheep_mini, uniq_grum
D:9:      layout_roguey, kennysheep_mini_moat, kennysheep_little_box,
          uniq_erolcha
D:10:     layout_basic, minmay_orc_entry_guard_dogs
D:11:     layout_loops_corners, uniq_erica
Temple:   minmay_temple_bridge_d
Orc:1:    cheibrodos_orc_guarddog, layout_diamond_mine, serial_shops,
          nicolae_shop_behind_doors, uniq_fannar

Skill      XL: |  1  2  3  4  5  6  7  8  9 10 11 |
---------------+----------------------------------+-----
Armour         | 1 2 3 5 6 7 8 |  8.4
Fighting       | 1 2 3 4 5 |  5.7
Necromancy     | 5 6 7 8 10 11 12 | 12.5
Axes           | 1 |  1.3
Dodging        | 3 4 5 6 |  6.5
Slings         | 1 2 3 4 6 7 8 |  8.2
Shields        | 2 4 |  4.0
Evocations     | 3 5 |  5.4
Stealth        | |  2.4
Spellcasting   | |  1.7

Action                   |  1- 3 |  4- 6 |  7- 9 | 10-12 || total
-------------------------+-------+-------+-------+-------++-------
Melee: Club              |    10 |       |       |       ||    10
       Short sword       |    11 |       |       |       ||    11
       War axe           |     2 |     7 |       |       ||     9
       Staff             |       |       |    35 |   188 ||   223
 Fire: Hunting sling     |       |    52 |   152 |    80 ||   284
 Cast: Pain              |    67 |    51 |   122 |   113 ||   353
       Animate Skeleton  |     4 |     4 |     3 |     1 ||    12
       Vampiric Draining |     3 |     1 |    72 |   105 ||   181
       Animate Dead      |       |       |     3 |     8 ||    11
       Dispel Undead     |       |       |       |     9 ||     9
Evoke: Wand              |       |       |       |     5 ||     5
       Lightning rod     |       |       |       |     3 ||     3
  Use: Potion            |       |       |     2 |       ||     2
       Scroll            |       |       |     8 |     7 ||    15
 Stab: Distracted        |       |       |     1 |       ||     1
Armor: Robe              |     2 |       |       |       ||     2
       Ring mail         |    10 |     5 |    51 |    53 ||   119
       Plate armour      |       |       |       |   165 ||   165
Dodge: Dodged            |    21 |    29 |   147 |   212 ||   409
Block: Buckler           |       |       |    35 |   110 ||   145

Table legend: (Time is in decaauts)
 A = Elapsed time spent in this place.
 B = Non-inter-level travel time spent in this place.
 C = Inter-level travel time spent in this place.
 D = Time resting spent in this place.
 E = Time spent auto-exploring this place.
 F = Levels seen in this place.
 G = Mean time per level.
                   A        B        C        D        E       F      G
               +--------+--------+--------+--------+--------+-----+--------+
         Total |  16216 |  15542 |    674 |    923 |  12030 |  13 | 1247.4 |
       Dungeon |  15831 |  15187 |    644 |    923 |  11781 |  11 | 1439.2 |
        Temple |    295 |    265 |     30 |      0 |    238 |   1 |  295.0 |
  Orcish Mines |     89 |     89 |      0 |      0 |     11 |   1 |   89.0 |
               +--------+--------+--------+--------+--------+-----+--------+

Top non-repeatable levels by time:
     D:8: 2100 daAuts
    D:10: 2039 daAuts
     D:5: 1761 daAuts
     D:9: 1547 daAuts
     D:7: 1488 daAuts
     D:1: 1443 daAuts
    D:11: 1283 daAuts
     D:2: 1145 daAuts
     D:6: 1075 daAuts
     D:3: 1067 daAuts
     D:4: 879 daAuts
  Temple: 295 daAuts
   Orc:1: 89 daAuts
